 Dungeon Crawl Stone Soup version 0.28.0-49-g6dfe1f597d (console) character file.

Game seed: 16402712156813457615

53 Faeu the Skirmisher (level 3, -3/49 HPs)
             Began as a Minotaur Berserker on May 15, 2022.
             Was a Believer of Trog.
             Slain by a gnoll
             ... wielding a +0 halberd
              (8 damage)
             ... on level 2 of the Dungeon.
             The game lasted 00:01:10 (988 turns).

Faeu the Skirmisher (Minotaur Berserker)             Turns: 988, Time: 00:01:11

Health: -3/49      AC:  2    Str: 23    XL:     3   Next: 64%
Magic:  2/2        EV: 12    Int:  4    God:    Trog [**....]
Gold:   61         SH:  0    Dex:  9    Spells: 2/2 levels left

rFire   . . .      SeeInvis .   a - +0 hand axe {axe}
rCold   . . .      Faith    .   (no shield)
rNeg    . . .      Spirit   .   b - +0 animal skin
rPois   .          Reflect  .   (helmet restricted)
rElec   .          Harm     .   (no cloak)
rCorr   .          Rampage  .   (no gloves)
Will    .....                   (no boots)
Stlth   ..........              (no amulet)
HPRegen 0.16/turn               (no ring)
MPRegen 0.08/turn               (no ring)

@: berserking (expiring), very quick
A: horns 2, retaliatory headbutt
a: Renounce Religion, Berserk, Trog's Hand


You were on level 2 of the Dungeon.
You worshipped Trog.
Trog was pleased with you.
You visited 1 branch of the dungeon, and saw 2 of its levels.

You collected 61 gold pieces.


Innate Abilities, Weirdness & Mutations

You have a pair of horns on your head.
You reflexively headbutt those who attack you in melee.


   Skills:
 + Level 4.3 Fighting
 + Level 4.2 Axes
 + Level 3.2 Armour
 + Level 2.9 Dodging


You had 2 spell levels left.
You didn't know any spells.
Your spell library contained the following spells:

 Spells                   Type           Power      Damage    Failure   Level
 Metabolic Englaciation   Hex/Ice        0%         N/A       100%        5
 Summon Cactus Giant      Summ           0%         N/A       100%        6
 Monstrous Menagerie      Summ           0%         N/A       100%        7

Inventory:

Hand Weapons
 a - a +0 hand axe (weapon) {axe}
Armour
 b - a +0 animal skin (worn)
Scrolls
 e - a scroll of brand weapon {unknown}
 f - a scroll of vulnerability {unknown}
Potions
 c - 2 potions of heal wounds {unknown}
 d - a potion of mutation {unknown}
 g - a potion of flight {unknown}

Dungeon Overview and Level Annotations

Branches:
Dungeon (2/15)

Altars:
Nemelex Xobeh

#........#
#.#....###
#.#.#### #.#.#
#.#.#######
#.#......>##
#.######...##
#####.#####.....##
#.................
#.#########.....##
#@# ##...### #g#
##.## # #g# #.# #
'l# #.#### ###
#..... #..### #..#
# #..# #..# #.##
#.#


You could see 2 gnolls and a frilled lizard.


Message History

There are monsters nearby!
No reachable target in view!
There are monsters nearby!
No reachable target in view!
There are monsters nearby!
No reachable target in view!
There are monsters nearby!
No reachable target in view!
There are monsters nearby!
No reachable target in view!
There are monsters nearby!
No reachable target in view!
There are monsters nearby!
No reachable target in view!
There are monsters nearby!
No reachable target in view!
There are monsters nearby!
No reachable target in view!
There are monsters nearby!
No reachable target in view!
There are monsters nearby!
No reachable target in view!
There are monsters nearby!
No reachable target in view!
The kobold throws a stone.
The stone closely misses you.
An endoplasm comes into view.
The kobold throws a stone.
The stone hits you. 😕 HP[-2]
You take 2 damage, and now have 31/33 hp.
You slash the endoplasm!
You kill the endoplasm!
Trog accepts your kill. 😕 HP[+1] 😎 HP[+1]
Found a sparkling altar of Nemelex Xobeh.
An endoplasm comes into view.
The endoplasm quivers.
A giant cockroach comes into view.
The endoplasm closely misses you.
You slash the endoplasm!
You kill the endoplasm!
Trog accepts your kill.
The giant cockroach waves its antennae.
The giant cockroach closely misses you.
The giant cockroach bites you but does no damage.
You hit the giant cockroach but do no damage.
The giant cockroach closely misses you.
You hit the giant cockroach but do no damage.
The giant cockroach bites you. 😕 HP[-1]
You take 1 damage, and now have 32/33 hp.
You barely miss the giant cockroach. The giant cockroach barely misses you.
You furiously retaliate!
You headbutt the giant cockroach!
You kill the giant cockroach!
Trog accepts your kill.
HP restored.
You see here 20 stones {throwing}.
You now have 61 gold pieces (gained 15). 4 gnolls come into view.
The gnoll shouts! x2; You hear an angry hiss.
The gnoll closely misses you.
A frilled lizard comes into view.
The gnoll closely misses you.
The gnoll hits you with a +0 spear. 😕 HP[-5]
You take 5 damage, and now have 27/33 hp.
A red film seems to cover your vision as you go berserk!
You feel yourself moving faster!
You feel mighty! The gnoll hits you with a +0 spear!
The gnoll hits you from afar with a +0 spear.
You now have 49 max hp (+16).
You slash the gnoll!
The gnoll hits you from afar with a +0 spear!
* * * LOW HITPOINT WARNING * * *
The gnoll hits you with a +0 spear!
* * * LOW HITPOINT WARNING * * *
😱 HP[-15]
You take 15 damage, and now have 12/49 hp.
MASSIVE DAMAGE!! (PAUSE)
You hit the gnoll. The gnoll hits you with a +0 spear.
* * * LOW HITPOINT WARNING * * *
The gnoll hits you but does no damage. 😱 HP[-4]
You take 4 damage, and now have 8/49 hp.
You barely miss the gnoll. You headbutt the gnoll.
You kill the gnoll!
Trog accepts your kill. The gnoll closely misses you.
Things that are here:
a +0 spear {polearm}; a gnoll corpse You slash the gnoll!
Your headbutt misses the gnoll. The gnoll closely misses you. 😱 HP[+1]
You slash the gnoll!
You kill the gnoll!
Trog accepts your kill.
You slash the gnoll! The gnoll hits you with a +0 club.
* * * LOW HITPOINT WARNING * * *
You barely miss the gnoll.
The gnoll hits you from afar with a +0 halberd!
You die...

Skill      XL: |  1  2 |
---------------+-------+-----
Fighting       | 4 |  4.3
Axes           | 4 |  4.2
Armour         | 3 |  3.2
Dodging        | |  2.9

Action                   || total
-------------------------++-------
Melee: Hand axe          ||    69
       Headbutt          ||     4
Invok: Berserk           ||     1
Armor: Animal skin       ||    18
Dodge: Dodged            ||    50

Levels and vault maps discovered:
D:1:      dpeg_arrival_round_b, layout_rooms, shapermc_ecumenical_altar_gd
D:2:      layout_loops_ring, basic_altar, serial_shops, shop_statue,
          dk_noncrumbling_4, chequers_serial_rivers_micro_e,
          kennysheep_minor_cross

Notes
Turn   | Place    | Note
-------+----------+-------------------------------------------
     0 | D:1      | Faeu the Minotaur Berserker began the quest for the Orb.
     0 | D:1      | Reached XP level 1. HP: 19/19 MP: 0/0
     0 | D:1      | magus.rc [v1.9.6]
    96 | D:1      | Reached XP level 2. HP: 13/27 MP: 1/1
   310 | D:1      | Reached skill level 4 in Fighting
   313 | D:1      | Reached skill level 4 in Axes
   317 | D:1      | You add the spells Metabolic Englaciation, Summon Cactus
                  | Giant and Monstrous Menagerie to your library.
   317 | D:1      | Got the Papyrus of Captivating Calling {forbidden}
   344 | D:1      | Found a faded altar of an unknown god.
   347 | D:1      | Reached ** piety under Trog
   488 | D:1      | Reached skill level 3 in Armour
   862 | D:2      | Reached XP level 3. HP: 33/33 MP: 2/2
   921 | D:2      | Found a sparkling altar of Nemelex Xobeh.
   981 | D:2      | HP: 12/49 [gnoll/+0 spear (8)]
   987 | D:2      | HP: 5/49 [gnoll/+0 club (4)]
   988 | D:2      | Slain by a gnoll

Vanquished Creatures
  2 gnolls (D:2)
  3 ball pythons (D:1)
  A bat (D:1)
  4 endoplasms
  4 giant cockroaches
  2 hobgoblins (D:1)
  3 kobolds (D:1)
  A quokka (D:1)
  2 frilled lizards (D:1)
  3 goblins (D:1)
  4 rats
29 creatures vanquished.

Vanquished Creatures (others)
  2 demonic plants (D:1)
  2 fungi (D:1)
  A plant (D:1)
5 creatures vanquished.

Grand Total: 34 creatures vanquished

Table legend:
 A = Non-vault XP
 B = Vault XP
 C = Vault XP percentage of total XP
 D = Non-vault monster count
 E = Vault monster count
 F = Vault count percentage of total count
                 A         B        C        D         E       F
            +---------+---------+-------+---------+---------+-------
      Total |      77 |       0 |   0.0 |      29 |       0 |   0.0
            +---------+---------+-------+---------+---------+-------
        D:1 |      40 |       0 |   0.0 |      23 |       0 |   0.0
        D:2 |      37 |       0 |   0.0 |       6 |       0 |   0.0
            +---------+---------+-------+---------+---------+-------

Illustrated notes

Table legend:
 A = Kills in this place as a percentage of kills in entire the game.
 B = Kills by you in this place as a percentage of kills by you in the entire game.
 C = Kills by friends in this place as a percentage of kills by friends in the entire game.
 D = Other kills in this place as a percentage of other kills in the entire game.
 E = Experience gained in this place as a percentage of experience gained in the entire game.
 F = Experience gained in this place divided by the number of levels of this place that you have seen.
                   A       B       C       D       E      F
               +-------+-------+-------+-------+-------+----------------------
         Total | 100.0 | 100.0 |   N/A |   N/A | 100.0 |  38.5
       Dungeon | 100.0 | 100.0 |   N/A |   N/A | 100.0 |  38.5
               +-------+-------+-------+-------+-------+----------------------

Table legend: (Time is in decaauts)
 A = Elapsed time spent in this place.
 B = Non-inter-level travel time spent in this place.
 C = Inter-level travel time spent in this place.
 D = Time resting spent in this place.
 E = Time spent auto-exploring this place.
 F = Levels seen in this place.
 G = Mean time per level.
                   A        B        C        D        E       F      G
               +--------+--------+--------+--------+--------+-----+--------+
         Total |    992 |    955 |     37 |      0 |    763 |   2 |  496.0 |
       Dungeon |    992 |    955 |     37 |      0 |    763 |   2 |  496.0 |
               +--------+--------+--------+--------+--------+-----+--------+

Top non-repeatable levels by time:
     D:1: 861 daAuts
     D:2: 131 daAuts
